Map: Blueshift LE

Players

BratOK (Brat_OK)

  • Race: Terran Terran
  • Spawn Location: 1:00

Krystianer - Winner!

  • Race: Protoss Protoss
  • League: Grandmaster
  • Spawn Location: 7:00

VOD

Have the link to the VOD?

Description

Time

  • Played on: Aug. 27, 2018, 3:55 p.m.
  • Length: 10:23
Show
View Real Time Build Order
Export as new Build Order

BratOK Terran 

Build Orders: Cyclone Opening, MMM Bio 

Get SALT Encoding   

  12  0:01  SCV  
  13  0:13  SCV  
  14  0:18  Supply Depot  
  14  0:25  SCV  
  15  0:39  SCV  
  15  0:40  Barracks  
  16  0:45  Refinery  
  16  0:51  SCV  
  16  0:55  Refinery  
  17  1:04  SCV  
  18  1:16  SCV  
  19  1:29  Orbital Command, Reaper  
  20  1:37  Supply Depot  
  20  1:49  Factory  
  20  1:54  SCV  
  21  2:05  Reaper  
  21  2:07  SCV  
  23  2:22  SCV  
  24  2:34  SCV  
  24  2:35  Cyclone  
  28  2:46  SCV  
  28  2:59  Starport  
  28  3:04  SCV  
  29  3:05  Supply Depot  
  29  3:08  Command Center  
  29  3:13  Factory Reactor  
  29  3:19  SCV  
  30  3:31  SCV  
  31  3:36  Viking  
  32  3:43  SCV  
  33  3:51  Widow Mine  
  33  3:52  Widow Mine  
  37  3:55  SCV  
  38  4:10  Viking  
  38  4:13  Barracks Tech Lab  
  38  4:16  SCV  
  37  4:21  Widow Mine  
  39  4:28  SCV  
  39  4:29  Widow Mine  
  42  4:33  Orbital Command  
  42  4:40  SCV  
  43  4:49  Marine  
  43  4:52  Command Center  
  43  4:53  SCV  
  41  5:05  SCV  
  43  5:07  SCV  
  43  5:13  Starport Reactor  
  43  5:14  Widow Mine  
  43  5:15  Widow Mine  
  43  5:17  Barracks, SCV  
  43  5:18  Barracks  
  48  5:26  Marine  
  48  5:27  Stimpack  
  49  5:32  SCV x2  
  51  5:44  SCV x2  
  53  5:56  SCV  
  54  6:00  Starport Reactor  
  54  6:03  SCV  
  57  6:08  Orbital Command, SCV  
  54  6:12  Supply Depot  
  54  6:13  Factory Tech Lab  
  54  6:14  Marine x3  
  54  6:15  SCV, Marine  
  59  6:20  SCV  
  59  6:27  SCV  
  52  6:41  Marine x2  
  52  6:43  Siege Tank, Marine x2  
  52  6:44  SCV x3  
  54  6:47  Engineering Bay  
  54  6:48  Engineering Bay  
  54  6:49  Marine  
  51  6:55  Medivac x2, Barracks  
  51  6:57  Barracks  
  51  6:58  Marine  
  51  6:59  Bunker  
  57  7:01  SCV  
  57  7:02  Refinery  
  57  7:03  Refinery  
  57  7:06  SCV x2  
  57  7:08  Marine x3  
  59  7:13  SCV  
  59  7:15  Siege Tank  
  65  7:19  Terran Infantry Weapons Level 1  
  65  7:21  SCV  
  65  7:22  SCV  
  67  7:26  Missile Turret  
  67  7:27  Missile Turret  
  67  7:34  Marauder, Marine x3  
  72  7:43  Barracks Tech Lab  
  72  7:49  Supply Depot x2  
  72  7:51  Supply Depot  
  72  7:56  Siege Tank  
  72  7:57  Combat Shields  
  75  7:59  Marauder  
  75  8:04  Orbital Command  
  77  8:10  Medivac, Marine x2  
  77  8:11  SCV x2  
  83  8:20  Terran Infantry Armor Level 1  
  83  8:23  SCV x2  
  83  8:26  Barracks Tech Lab  
  85  8:27  Marauder  
  85  8:28  Marauder  
  89  8:34  SCV  
  89  8:35  SCV x2  
  89  8:39  Refinery  
  89  8:40  Siege Tank, Refinery  
  94  8:44  Supply Depot  
  94  8:46  SCV  
  94  8:47  SCV x2  
  97  8:52  Supply Depot x2  
  97  8:55  Armory  
  96  8:58  SCV  
  96  8:59  SCV x2  
  96  9:00  Missile Turret  
  99  9:05  Concussive Shells  
  99  9:06  Marauder x2, Marine  
  99  9:08  Missile Turret  
  104  9:10  SCV  
  104  9:11  SCV x2  
  104  9:12  Supply Depot  
  104  9:14  Liberator x2  
  106  9:22  SCV  
  106  9:23  SCV, Marauder  
  110  9:28  SCV  
  111  9:34  SCV  
  111  9:35  SCV  
  119  9:38  Supply Depot  
  119  9:40  SCV  
  119  9:42  Widow Mine x2  
  119  9:43  Marauder  
  126  9:49  Bunker  
  126  9:50  Bunker  
  125  9:55  Marauder  
  125  9:58  Marauder x2  
  131  10:03  Supply Depot  
Show
View Real Time Build Order
Export as new Build Order

Krystianer Protoss - Winner!

Build Orders: 1 Gate Expand, Oracle Opening 

Get SALT Encoding   

  12  0:00  Probe  
  13  0:12  Probe  
  14  0:18  Pylon  
  14  0:23  Probe  
  15  0:32  Probe  
  15  0:37  Gateway  
  15  0:40  Probe  
  16  0:46  Assimilator  
  17  0:52  Probe  
  18  1:04  Probe  
  19  1:16  Probe  
  20  1:24  Cybernetics Core  
  20  1:29  Probe  
  21  1:36  Nexus  
  21  1:43  Assimilator  
  21  1:48  Pylon  
  21  1:51  Adept  
  23  2:06  Probe  
  23  2:17  Adept  
  25  2:23  Probe  
  26  2:34  Stargate  
  26  2:35  Probe  
  27  2:44  Adept  
  27  2:54  Probe  
  28  2:59  Probe  
  29  3:07  Oracle  
  29  3:08  Probe  
  29  3:10  Warp Gate  
  29  3:11  Probe  
  30  3:17  Probe  
  33  3:24  Probe  
  33  3:25  Probe  
  36  3:35  Oracle  
  36  3:36  Probe  
  37  3:48  Gateway  
  40  3:49  Gateway  
  40  3:51  Probe  
  41  3:57  Probe  
  41  3:59  Pylon  
  42  4:03  Probe  
  42  4:09  Probe  
  44  4:15  Probe  
  45  4:21  Probe  
  46  4:24  Probe  
  45  4:38  Pylon  
  45  4:40  Probe  
  45  4:42  Nexus  
  45  4:43  Twilight Council, Probe  
  47  4:52  Probe  
  48  4:58  Probe  
  43  5:07  Forge  
  43  5:09  Pylon, Assimilator  
  43  5:12  Probe, Phoenix  
  46  5:15  Pylon  
  46  5:18  Probe  
  46  5:19  Charge  
  47  5:25  Probe  
  48  5:30  Probe  
  48  5:32  Phoenix  
  49  5:37  Stalker x3  
  55  5:44  Protoss Ground Armor Level 1  
  55  5:45  Probe x2  
  57  5:55  Phoenix  
  57  5:56  Probe  
  58  5:58  Probe x2  
  61  6:06  Zealot x3  
  61  6:08  Probe  
  61  6:10  Probe  
  69  6:28  Phoenix  
  69  6:30  Stalker x3  
  69  6:35  Probe x2  
  69  6:36  Probe  
  67  6:46  Probe  
  67  6:47  Probe  
  67  6:49  Gateway, Probe  
  67  6:51  Gateway  
  67  6:52  Gateway  
  67  6:53  Phoenix  
  72  6:55  Probe  
  73  7:02  Probe  
  73  7:04  Gateway  
  73  7:07  Gateway, Probe  
  75  7:15  Pylon  
  75  7:16  Protoss Ground Armor Level 2  
  75  7:17  Templar Archives, Probe  
  75  7:20  Robotics Facility  
  76  7:24  Probe  
  76  7:28  Zealot x3  
  76  7:29  Probe  
  84  7:37  Pylon, Phoenix  
  86  7:46  Probe  
  86  7:47  Probe  
  88  7:56  Zealot  
  88  7:57  Zealot x5  
  100  8:00  Pylon  
  100  8:04  Pylon  
  100  8:06  Pylon  
  100  8:07  Warp Prism  
  100  8:19  Pylon  
  102  8:20  Pylon  
  102  8:22  Zealot x3  
  108  8:29  Psionic Storm  
  108  8:34  Zealot  
  108  8:35  Zealot x4  
  108  8:38  Pylon  
  108  8:40  Pylon  
  118  9:00  Zealot, High Templar x2  
  118  9:02  Zealot x5  
  134  9:05  Pylon  
  134  9:07  Pylon  
  134  9:10  Pylon  
  134  9:22  High Templar x2  
  138  9:24  Zealot x4  
  138  9:28  Assimilator  
  138  9:30  Assimilator  
  146  9:34  Zealot x2, Pylon  
  150  9:54  Zealot  
  150  9:55  Zealot x7  
  150  9:58  Pylon  
  122  10:15  Zealot x8  
Tags
 
Add a new tag
Caveats
  • Supply blocks, unpowered buildings, or Contaminate may cause inaccurate times.
  • Supply counts are checked every 10 seconds.